 Dungeon Crawl Stone Soup version 0.24.0-123-gd5b16e6ec5 (webtiles) character file.

Game seed: 16255481007325213031, levelgen mode: deterministic

188 Curus the Spear-Bearer (level 5, -3/61 HPs)
             Began as a Merfolk Berserker on Dec 16, 2019.
             Was a Believer of Trog.
             Slain by a gnoll
             ... wielding a +0 spear
              (5 damage)
             ... on level 4 of the Dungeon.
             The game lasted 00:10:47 (2892 turns).

Curus the Spear-Bearer (Merfolk Berserker)          Turns: 2892, Time: 00:10:47

Health: -3/61      AC:  3    Str: 22    XL:     5   Next: 67%
Magic:  5/5        EV: 12    Int:  7    God:    Trog [**....]
Gold:   214        SH:  3    Dex: 14    Spells: 4/4 levels left

rFire    . . .     SeeInvis .   a - +0 spear
rCold    . . .     Gourm    .   i - +0 buckler
rNeg     . . .     Faith    .   g - +0 leather armour
rPois    .         Spirit   .   (no helmet)
rElec    .         Reflect  .   (no cloak)
rCorr    .         Harm     .   (no gloves)
MR       .....                  (no boots)
Stlth    ..........             f - amulet of rage
HPRegen  0.20/turn              (no ring)
MPRegen  0.09/turn              (no ring)

@: berserking, very quick
A: change form in water, swift swim, stealthy swim
a: Berserk, Trog's Hand, Renounce Religion, Evoke Berserk Rage


You were on level 4 of the Dungeon.
You worshipped Trog.
Trog was pleased with you.
You were very hungry.

You visited 1 branch of the dungeon, and saw 4 of its levels.

You collected 214 gold pieces.

Inventory:

Hand Weapons
 a - a +0 spear (weapon)
Armour
 b - a +0 animal skin
 g - a +0 leather armour (worn)
 i - a +0 buckler (worn)
Jewellery
 f - an amulet of rage (around neck)
 m - an uncursed ring of teleportation
Scrolls
 h - 2 scrolls of fog
 j - 3 scrolls of identify
Potions
 d - 2 potions of flight
 e - 3 potions of curing
 l - a potion of invisibility
Comestibles
 c - 5 rations


   Skills:
 - Level 3.2 Fighting
 + Level 9.0 Polearms
 - Level 1.3 Armour
 - Level 2.6 Dodging


You had 4 spell levels left.
You didn't know any spells.
Your spell library was empty.

Dungeon Overview and Level Annotations

Branches:
Dungeon (4/15)
 Temple: D:4-7

Altars:
Elyvilon


Message History

Press: ? - help, Dir - move target cursor, f/p - gnoll
Aim: a gnoll, wielding a +0 spear (heavily wounded)
You reach to attack!
You puncture the gnoll!
You kill the gnoll!
Trog accepts your kill.
Your Polearms skill increases to level 9!
Attack whom?
Press: ? - help, Dir - move target cursor, f - gnoll
Aim: a gnoll, wielding a +0 spear You reach to attack!
You hit the gnoll.
The gnoll is heavily wounded.
The gnoll hits you from afar with a +0 spear.
* * * LOW HITPOINT WARNING * * *
Attack whom?
Press: ? - help, Dir - move target cursor, f/p - gnoll
Aim: a gnoll, wielding a +0 spear (heavily wounded)
You reach to attack!
You hit the gnoll but do no damage.
The gnoll is heavily wounded.
The gnoll hits you from afar with a +0 spear.
You die...

# *,,* *,******, # *,,*
*,* *, # *,,* *,* *,
#### *,,* *,* *, ...#
*,,* *,**** *, ##.# *,,*
*,,,,* *, ##.# #####
*,,# *,**,* *, ##.#
#...######.$###*,**,***,
*#.#
#.#.##.@)).....,,,,,,,,,
*#.#
#.#.##.#.##.###***,,****
*#.# #.#......g..#
*,,,,,,,, *#.#
#.####.#.#### *,*,,****
*#.#######.# #.#>#
*,*,,**** *#.........#
#.#)# *,*,,,,,,
*########### #.#.#
*,**,**** * #.#.# *,**,*
* ********** #.#,*
*,**,* *


You could see a gnoll.

Vanquished Creatures
  A bullfrog skeleton (D:4)
  A worker ant (D:4)
  2 gnolls (D:4)
  3 adders
  An ooze (D:1)
  3 worms (D:2)
  A dart slug (D:1)
  A leopard gecko (D:1)
  4 orcs
  3 ball pythons
  9 bats
  4 giant cockroaches (D:3)
  8 goblins
  7 hobgoblins
  7 kobolds
  2 quokkas
  3 frilled lizards
  12 rats
72 creatures vanquished.

Notes
Turn   | Place    | Note
-------+----------+-------------------------------------------
     0 | D:1      | Curus the Merfolk Berserker began the quest for the Orb.
     0 | D:1      | Reached XP level 1. HP: 18/18 MP: 1/1
   261 | D:1      | Reached skill level 5 in Polearms
   261 | D:1      | Reached XP level 2. HP: 20/24 MP: 2/2
   499 | D:1      | Reached skill level 6 in Polearms
   499 | D:1      | Reached XP level 3. HP: 22/29 MP: 3/3
   901 | D:2      | Reached ** piety under Trog
  1137 | D:2      | Reached XP level 4. HP: 26/35 MP: 4/4
  1184 | D:2      | Reached skill level 7 in Polearms
  1366 | D:2      | Found a white marble altar of Elyvilon.
  2419 | D:4      | Reached skill level 8 in Polearms
  2447 | D:4      | Reached XP level 5. HP: 4/41 MP: 5/5
  2890 | D:4      | Reached skill level 9 in Polearms
  2891 | D:4      | HP: 2/61 [gnoll/+0 spear (6)]
  2892 | D:4      | Slain by a gnoll

Levels and vault maps discovered:
D:1:      minmay_arrival_stair_chambers, layout_basic
D:2:      minmay_chambers_of_twos, layout_basic, elyvilon_altar_3
D:3:      layout_basic, minmay_hedge_maze, minmay_fountain_box
D:4:      layout_loops_ring, tgw_xom

Skill      XL: |  1  2  3  4  5 |
---------------+----------------+-----
Polearms       | 5 6 8 9 |  9.0
Fighting       | |  3.2
Armour         | |  1.3
Dodging        | |  2.6

Action                   |  1- 3 |  4- 6 || total
-------------------------+-------+-------++-------
Melee: Spear             |   119 |   148 ||   267
Invok: Berserk           |     1 |     1 ||     2
       Trog's Hand       |       |     1 ||     1
  Use: Scroll            |     4 |     4 ||     8
       Potion            |     5 |     2 ||     7
 Stab: Sleeping          |     2 |     1 ||     3
       Distracted        |       |     1 ||     1
  Eat: Chunk             |     1 |     6 ||     7
Armor: Animal skin       |     7 |       ||     7
       Leather armour    |     9 |    13 ||    22
Dodge: Dodged            |    44 |    42 ||    86
Block: Buckler           |     4 |    15 ||    19
